Map: Prion Terraces

Players

Keyz - Winner!

  • Race: Zerg Zerg
  • League: Diamond

Fullmetal

  • Race: Terran Terran
  • League: Master

VOD

Have the link to the VOD?

Description

Time

  • Played on: Nov. 16, 2015, 12:31 a.m.
  • Length: 22:11
Show
View Real Time Build Order
Export as new Build Order

Keyz Zerg - Winner!

Build Orders: Pool First, Muta Ling Bane 

Get SALT Encoding   

  12  0:01  Drone  
  13  0:08  Drone  
  14  0:21  Drone, Extractor  
  14  0:27  Extractor x2  
  14  0:28  Drone  
  16  0:36  Spawning Pool  
  16  0:42  Overlord  
  15  1:06  Hatchery  
  15  1:09  Drone  
  15  1:11  Drone  
  16  1:23  Queen  
  18  1:25  Zergling x2  
  18  1:29  Zergling x2  
  20  1:33  Drone  
  21  1:42  Extractor  
  20  1:48  Drone  
  21  1:56  Drone  
  22  2:04  Overlord  
  22  2:10  Extractor  
  22  2:11  Evolution Chamber, Queen  
  24  2:18  Drone x2  
  25  2:25  Drone  
  25  2:31  Drone x4  
  29  2:38  Drone  
  29  2:40  Drone  
  31  2:46  Metabolic Boost  
  31  2:49  Queen  
  33  2:55  Overlord  
  33  3:00  Overlord  
  33  3:04  Zergling x4  
  35  3:14  Zergling x6  
  35  3:15  Zergling x2  
  39  3:21  Zergling x4  
  39  3:22  Zergling x2  
  39  3:25  Drone x2  
  44  3:34  Drone x3  
  44  3:40  Drone x2  
  49  3:43  Baneling Nest  
  48  3:49  Lair  
  48  3:52  Drone, Extractor  
  48  3:55  Overlord  
  48  4:03  Drone  
  48  4:06  Extractor  
  48  4:07  Drone x3  
  48  4:08  Extractor  
  49  4:18  Drone x3  
  51  4:28  Zergling x4  
  53  4:33  Hatchery  
  53  4:36  Drone x4  
  52  4:40  Drone x2  
  52  4:45  Zergling x4  
  54  4:47  Baneling x2  
  54  4:51  Spine Crawler  
  52  5:06  Spire, Centrifical Hooks  
  51  5:08  Drone x2  
  51  5:12  Evolution Chamber  
  52  5:14  Evolution Chamber  
  52  5:20  Baneling x6  
  51  5:21  Drone  
  51  5:22  Drone  
  51  5:24  Drone  
  48  5:52  Drone x7  
  48  5:53  Drone x3, Queen  
  59  6:04  Overlord x3  
  59  6:06  Zerg Melee Weapons Level 1  
  59  6:12  Drone  
  59  6:15  Drone x2  
  62  6:24  Drone x3  
  65  6:26  Drone x2  
  65  6:27  Extractor  
  65  6:29  Extractor  
  59  6:41  Mutalisk x4  
  59  6:42  Mutalisk x2  
  70  6:48  Drone x3  
  70  6:53  Drone x3  
  75  7:06  Mutalisk x2  
  79  7:14  Hatchery  
  74  7:23  Corruptor x2  
  70  7:31  Drone x8  
  70  7:32  Drone  
  70  7:35  Drone  
  80  7:40  Drone  
  80  7:43  Overlord  
  81  7:47  Overlord  
  81  7:49  Infestation Pit  
  81  7:50  Overlord x3  
  80  7:54  Overseer  
  80  8:04  Zergling x6  
  80  8:05  Zergling x10  
  86  8:16  Zerg Melee Weapons Level 2  
  86  8:17  Zerg Ground Armor Level 1  
  86  8:19  Zergling x12  
  92  8:22  Pneumatized Carapace, Overseer x2  
  92  8:25  Zergling x4  
  94  8:27  Extractor  
  94  8:30  Corruptor  
  96  8:34  Drone x4  
  96  8:36  Extractor  
  98  8:42  Corruptor x2  
  98  8:44  Baneling  
  98  8:45  Baneling x3  
  103  8:48  Zergling x8  
  103  8:49  Baneling  
  106  8:58  Drone x3, Spore Crawler  
  89  9:20  Corruptor x5  
  89  9:23  Drone x9  
  103  9:27  Zergling x2  
  106  9:36  Zergling x12  
  106  9:37  Zergling x6  
  115  9:41  Hive  
  106  10:03  Zergling x2  
  106  10:04  Zergling x22  
  114  10:09  Drone x2  
  114  10:10  Drone  
  114  10:11  Drone x3  
  114  10:13  Baneling x10  
  114  10:31  Drone x3  
  111  10:39  Zerg Ground Armor Level 2  
  111  10:41  Drone x4  
  115  10:47  Queen  
  117  10:56  Zergling x2  
  118  10:57  Zergling x4  
  118  10:58  Overlord x5  
  118  10:59  Overlord  
  116  11:16  Overlord  
  116  11:17  Overlord x5  
  112  11:23  Ultralisk Cavern  
  112  11:25  Zergling x24  
  113  11:34  Zergling x2  
  113  11:37  Adrenal Glands  
  114  11:41  Greater Spire  
  114  11:42  Zerg Melee Weapons Level 3  
  114  12:05  Spine Crawler  
  114  12:06  Spine Crawler  
  114  12:07  Spine Crawler  
  114  12:08  Hatchery, Spine Crawler x2  
  108  12:09  Extractor x2  
  108  12:12  Ultralisk x5  
  136  12:16  Chitinous Plating  
  136  12:20  Zergling x2  
  136  12:21  Zergling x14  
  144  12:23  Hatchery  
  144  12:26  Corruptor  
  144  12:27  Overseer  
  144  12:28  Corruptor  
  146  12:31  Corruptor  
  146  12:35  Corruptor  
  150  12:38  Drone x2  
  150  12:39  Drone x2  
  150  12:44  Drone x3  
  156  12:48  Drone x5  
  152  13:09  Brood Lord x3  
  143  13:14  Zergling x16  
  143  13:15  Zergling x8  
  137  13:21  Brood Lord x2  
  137  13:25  Zergling x8  
  151  13:34  Ultralisk  
  151  13:46  Drone x2  
  151  13:47  Drone x3  
  151  13:48  Drone x2  
  158  13:49  Baneling x8  
  158  13:55  Ultralisk  
  164  14:01  Zergling x2  
  164  14:02  Zergling x22  
  143  14:33  Zergling x22  
  143  14:34  Zergling x34  
  143  14:35  Mutalisk  
  166  14:46  Corruptor x5  
  156  15:01  Baneling x2  
  156  15:02  Baneling x10  
  156  15:04  Baneling  
  156  15:05  Baneling x25  
  156  15:12  Extractor x2  
  147  15:17  Zergling x2  
  147  15:18  Zergling x20  
  150  15:34  Mutalisk  
  150  15:35  Mutalisk x6  
  141  15:45  Drone x4  
  141  15:49  Mutalisk x5  
  149  15:57  Zerg Ground Armor Level 3  
  138  16:25  Ultralisk x4  
  156  16:26  Ultralisk  
  156  16:27  Zergling x2  
  156  16:28  Zergling x2  
  164  16:46  Mutalisk x5  
  160  16:50  Hatchery  
  160  16:53  Brood Lord  
  165  16:57  Zergling x2  
  165  16:58  Zergling x12  
  165  17:00  Baneling x3  
  170  17:20  Ultralisk x2  
  180  17:30  Pathogen Glands  
  180  17:31  Corruptor x3  
  186  17:52  Corruptor x4  
  194  18:08  Zerg Flyer Armor Level 1  
  193  18:15  Hatchery  
  193  18:18  Viper x6, Extractor  
  181  18:22  Extractor  
  160  18:35  Zergling x6  
  160  18:36  Zergling x38  
  158  18:59  Extractor  
  157  19:03  Extractor  
  157  19:07  Baneling x10  
  157  19:08  Baneling x21  
  156  19:14  Zergling x2  
  156  19:15  Zergling x42  
  148  19:41  Zergling x2  
  148  19:42  Zergling x34  
  148  19:43  Zergling x4  
  148  19:55  Drone x2  
  148  19:56  Zergling x2  
  148  19:57  Ultralisk x2  
  154  20:16  Corruptor x6  
  154  20:17  Corruptor  
  154  20:20  Drone x2  
  168  20:22  Drone x3  
  171  20:31  Drone x4  
  170  20:39  Corruptor x3  
  170  20:53  Queen  
  170  20:54  Queen  
  170  20:56  Queen  
  176  20:58  Queen  
  176  21:00  Drone  
  176  21:01  Drone  
  176  21:04  Baneling x4  
  180  21:18  Drone  
  180  21:19  Drone x2  
  180  21:20  Drone x3  
  173  21:33  Hatchery  
  173  21:34  Queen  
  173  21:37  Zergling x2  
  173  21:38  Zergling x26  
  185  21:51  Zergling x10  
  185  21:52  Zergling x18  
Show
View Real Time Build Order
Export as new Build Order

Fullmetal Terran 

Build Orders: Liberator Opening, Reaper Expand, MMM Bio 

Get SALT Encoding   

  12  0:01  SCV  
  13  0:13  SCV  
  14  0:19  Supply Depot  
  14  0:25  SCV  
  15  0:40  SCV  
  15  0:42  Barracks  
  16  0:45  Refinery  
  16  0:52  SCV  
  17  1:04  SCV  
  18  1:17  SCV  
  19  1:30  Orbital Command  
  19  1:32  Reaper  
  20  1:43  Command Center  
  19  1:57  SCV, Supply Depot  
  20  2:04  Barracks Reactor  
  20  2:05  Refinery  
  20  2:10  SCV  
  21  2:23  SCV  
  21  2:28  Factory  
  22  2:36  SCV  
  23  2:42  Marine x2  
  25  2:48  SCV  
  26  2:56  Orbital Command  
  26  3:04  SCV  
  27  3:08  Barracks Reactor  
  27  3:13  Starport  
  27  3:16  SCV, Refinery  
  28  3:22  SCV  
  28  3:23  Hellion  
  28  3:24  Hellion  
  33  3:33  SCV  
  34  3:38  SCV  
  35  3:41  Liberator  
  35  3:45  Hellion, Liberator  
  35  3:47  SCV  
  40  3:55  SCV, Barracks Tech Lab  
  41  3:59  SCV  
  46  4:12  Supply Depot  
  46  4:19  Hellion  
  46  4:23  Stimpack  
  46  4:27  SCV  
  46  4:29  Marine  
  46  4:32  SCV  
  46  4:37  Liberator  
  44  4:39  SCV, Hellion  
  44  4:44  Hellion  
  44  4:47  SCV  
  44  4:48  Liberator  
  44  4:51  SCV  
  46  5:05  SCV x2, Hellion  
  53  5:07  Supply Depot  
  53  5:10  Marine  
  54  5:27  Liberator  
  54  5:28  SCV x2  
  54  5:29  Hellion  
  54  5:32  Liberator  
  58  5:40  SCV  
  59  5:47  SCV  
  61  5:53  SCV  
  61  5:55  Command Center  
  54  6:01  Barracks  
  54  6:03  SCV  
  55  6:05  Supply Depot, Barracks  
  55  6:09  Factory Reactor  
  55  6:11  SCV  
  55  6:14  Marauder  
  58  6:20  Engineering Bay  
  58  6:21  SCV  
  58  6:23  Liberator  
  59  6:26  Refinery, Engineering Bay  
  59  6:27  Supply Depot  
  59  6:28  Liberator  
  59  6:35  SCV  
  59  6:37  SCV, Marauder  
  69  6:47  SCV  
  69  6:53  Supply Depot  
  70  6:54  Terran Infantry Weapons Level 1  
  70  6:58  SCV  
  71  7:06  Marauder, Liberator  
  70  7:12  Orbital Command  
  70  7:13  SCV  
  71  7:20  SCV  
  71  7:21  Factory Tech Lab, Marine x2  
  68  7:25  SCV  
  68  7:27  Liberator  
  69  7:31  Marine x2  
  69  7:32  Combat Shields, SCV  
  72  7:37  SCV  
  72  7:38  Terran Infantry Armor Level 1  
  72  7:42  Orbital Command  
  73  7:45  SCV  
  73  7:48  Marine x2  
  73  7:49  SCV  
  73  7:50  Missile Turret  
  80  7:54  Missile Turret  
  80  7:56  Marine x2  
  80  7:57  Marine  
  83  8:03  SCV x2  
  85  8:08  SCV  
  85  8:09  Marine x2  
  88  8:15  SCV  
  88  8:16  SCV, Armory  
  88  8:19  Siege Tank  
  93  8:21  SCV  
  93  8:22  Marine  
  93  8:24  Marine x2  
  97  8:27  SCV  
  97  8:33  Marine x2  
  100  8:40  Supply Depot  
  100  8:42  Marine  
  100  8:45  Supply Depot, Bunker  
  100  8:46  Supply Depot  
  101  9:01  Medivac x2, Marine x3  
  108  9:07  SCV  
  106  9:15  SCV x2  
  89  9:22  Liberator  
  89  9:23  Liberator  
  83  9:26  Barracks  
  83  9:28  Terran Infantry Weapons Level 2  
  83  9:30  Marine x4, Terran Vehicle Weapons Level 1  
  83  9:31  Siege Tank  
  87  9:35  SCV x2  
  87  9:37  Refinery  
  82  9:44  Marine  
  82  9:45  Refinery, Starport  
  89  9:47  Marine  
  90  9:54  Barracks x2  
  90  9:55  Barracks  
  90  9:57  Marine x3  
  93  10:00  Barracks  
  93  10:02  Marine  
  93  10:05  Marine  
  95  10:09  SCV x2  
  97  10:14  Barracks Reactor, Marine  
  97  10:15  Command Center, Marine  
  97  10:20  Marine x2  
  99  10:21  SCV  
  99  10:22  Command Center  
  99  10:25  Marine  
  100  10:30  SCV  
  100  10:32  Marine x2  
  96  10:38  Marine x2  
  96  10:39  Terran Infantry Armor Level 2  
  96  10:41  Marine x2  
  100  10:42  Marine  
  100  10:43  SCV x2  
  103  10:50  Marine  
  103  10:51  Marine  
  103  10:55  SCV x2  
  107  10:58  Marine  
  107  11:01  Liberator  
  100  11:11  Marine  
  100  11:12  Marine  
  100  11:13  Marine  
  100  11:15  Marine  
  100  11:16  Marine x2  
  101  11:21  SCV  
  102  11:27  Marine x3  
  105  11:35  Medivac  
  105  11:38  Marine, Starport Reactor  
  105  11:39  Orbital Command  
  108  11:42  Marine x3  
  108  11:43  Marauder  
  108  11:44  Barracks Tech Lab  
  108  11:46  Barracks Reactor  
  113  11:49  Terran Infantry Weapons Level 3  
  113  11:55  Marine x3  
  113  11:58  Marine x2  
  118  12:01  Planetary Fortress  
  118  12:05  Medivac  
  118  12:06  Missile Turret, Liberator  
  120  12:10  Marine  
  120  12:11  Marine x4  
  120  12:15  Barracks Reactor, Liberator  
  124  12:17  Siege Tank  
  124  12:18  SCV x2  
  124  12:20  SCV  
  128  12:24  Liberator, Marine x2  
  133  12:30  SCV x2  
  133  12:33  Marine x2  
  140  12:41  Marine  
  140  12:43  Supply Depot  
  144  12:44  Marine x2  
  144  12:45  Supply Depot  
  144  12:46  Marine  
  144  12:47  Refinery, Marine  
  144  12:50  Supply Depot  
  148  13:03  Marine  
  148  13:04  Marine x8, Liberator x3  
  137  13:17  Marine  
  120  13:20  Marine x2  
  120  13:21  Marine  
  120  13:22  Marauder x2  
  136  13:27  Marine x4  
  136  13:28  Barracks Tech Lab  
  140  13:36  Marine x2  
  142  13:43  Command Center  
  142  13:44  Marauder x2, Marine x2  
  148  13:50  Marine x3  
  148  13:51  Marauder, Liberator  
  153  13:56  Terran Infantry Armor Level 3  
  153  14:00  Orbital Command  
  153  14:02  Missile Turret  
  153  14:05  Marauder x2  
  153  14:08  Liberator  
  156  14:11  Marine x2  
  156  14:12  Marauder  
  152  14:21  Marine  
  152  14:22  Marine  
  152  14:23  Marine  
  125  14:24  Liberator  
  125  14:26  Marauder, Marine x5  
  125  14:29  Marine x2  
  129  14:33  Marine  
  119  14:39  Marine x2  
  119  14:41  Marine  
  119  14:44  Marine x4  
  119  14:45  Marauder  
  130  14:48  Barracks  
  130  14:49  Marine x2  
  130  14:52  Marauder x2  
  135  14:54  Barracks  
  132  15:00  Marine x2  
  132  15:04  SCV x2  
  132  15:06  Marauder  
  138  15:11  Marine x2  
  138  15:12  Marine x2  
  138  15:13  Marine x2  
  138  15:17  SCV x4  
  138  15:23  Planetary Fortress  
  138  15:25  Marine  
  138  15:26  Marine  
  135  15:29  SCV x3  
  135  15:30  SCV, Marine x2  
  135  15:31  Marine x2  
  135  15:32  Marine x2  
  135  15:35  Marine x3  
  113  15:38  Marine  
  113  15:41  SCV  
  113  15:43  Marine x2  
  113  15:47  SCV  
  113  15:48  SCV, Marine  
  113  15:49  Barracks Reactor  
  116  15:50  SCV  
  116  15:52  Marine x2  
  116  15:53  SCV, Marauder  
  116  15:55  Liberator x2  
  120  16:01  Bunker, Marine x2  
  120  16:03  Marine x3  
  114  16:18  Marauder  
  117  16:19  Liberator  
  117  16:25  Marine x6  
  118  16:27  Barracks Tech Lab  
  118  16:29  Marine  
  118  16:30  Marine  
  118  16:31  Marine  
  118  16:32  Marine  
  130  16:42  Liberator  
  130  16:46  Marine x11  
  132  16:48  SCV x2  
  134  16:54  Marine x2  
  134  17:00  Marine x2  
  141  17:03  Marine  
  141  17:04  Marine  
  141  17:05  Marine x3  
  141  17:07  SCV  
  141  17:08  SCV  
  148  17:10  Marine x2  
  148  17:22  Missile Turret  
  148  17:26  Liberator  
  148  17:28  Marine  
  148  17:29  Marauder, Marine x2  
  153  17:32  Marine x2  
  153  17:35  Marauder, Marine x2  
  159  17:37  Concussive Shells  
  162  17:44  Marine  
  162  17:45  Marine x4  
  162  17:51  Marauder  
  168  17:52  Command Center  
  168  17:58  Marine x4  
  167  17:59  Marauder  
  167  18:03  Marine  
  171  18:07  Missile Turret  
  171  18:09  Supply Depot  
  162  18:19  Marine  
  149  18:20  Marine x2  
  149  18:22  Medivac x2  
  147  18:32  Marine x2  
  136  18:43  Marine x2  
  137  18:51  SCV x2  
  139  18:56  Marine  
  139  19:00  SCV  
  138  19:13  Marine x2  
  138  19:16  Marine  
  141  19:30  Marine  
  141  19:31  Marine x3  
  105  19:43  Marine x2  
  64  19:54  Marauder, Marine x2  
  64  19:55  Marine  
  64  19:56  Marine x2  
  64  20:02  Marine x2  
  64  20:03  SCV  
  62  20:09  Marine x2  
  56  20:15  SCV x2  
  56  20:19  SCV  
  55  20:31  Marine  
  51  20:36  Marine x2  
  51  20:41  Planetary Fortress  
  48  20:47  Orbital Command  
  48  20:49  SCV x3  
  51  20:53  Marine x2  
  51  21:01  SCV  
  51  21:03  Marine x2  
  54  21:05  SCV  
  55  21:14  SCV x2  
  55  21:16  SCV  
  58  21:19  Marine  
  58  21:24  SCV x2  
  61  21:27  SCV  
  62  21:33  Marine  
  62  21:37  Marine  
  63  21:43  Marine  
  40  21:48  Marine  
  40  21:50  SCV  
Tags
 
Add a new tag
Caveats
  • Supply blocks, unpowered buildings, or Contaminate may cause inaccurate times.
  • Supply counts are checked every 10 seconds.